 Dungeon Crawl Stone Soup version 0.31-a0-1612-g4aaf141004 (webtiles) character file.

Game seed: 12232108142062423163

11422 Gargoyl the Cleaver (level 11, 0/72 HPs)
             Began as a Gargoyle Berserker on Jan 9, 2024.
             Was a Priest of Trog.
             Slain by a lorocyproca (14 damage)
             ... on level 1 of the Abyss.
             The game lasted 00:13:58 (11613 turns).

Gargoyl the Cleaver (Gargoyle Berserker)           Turns: 11613, Time: 00:13:59

Health: 0/72       AC: 34    Str: 22    XL:     11   Next: 77%
Magic:  0/11       EV:  8    Int:  7    God:    Trog [***...]
Gold:   459        SH:  4    Dex: 13    Spells: 10/10 levels left

rFire   + . .        q - +1 war axe
rCold   + . .        v - +0 buckler
rNeg    + . .        l - +4 plate armour {rC+}
rPois   ∞            (no helmet)
rElec   +            y - +2 cloak
rCorr   .            g - +3 Mad Mage's Maulers {Infuse+∞ VampMP -Cast}
SInv    .            (no boots)
Will    ++...        (no amulet) Stlth
                     (no ring)
HPRegen 1.32/turn    (no ring)
MPRegen 0.12/turn

%: no spellcasting
@: strong-willed, on berserk cooldown, regenerating
A: sickness immunity, AC +8, negative energy resistance 1, electricity
resistance, torment resistance 1, petrification resistance, fire resistance 1
a: Renounce Religion, Berserk, Trog's Hand


You were on level 1 of the Abyss.
You worshipped Trog.
Trog was most pleased with you.
You visited 1 branch of the dungeon, and saw 9 of its levels.
You visited the Abyss 1 time.
You also visited: Sewer.

You collected 459 gold pieces.

Inventory:

Hand Weapons
 a - a +0 hand axe
 p - a +3 heavy spear
 q - a +1 war axe (weapon)
 u - a +0 broad axe of flaming
Missiles
 n - 6 poisoned darts
 w - 6 curare-tipped darts (quivered)
Armour
 g - the +3 Mad Mage's Maulers (worn) {Infuse+∞ VampMP -Cast}
   (You acquired it on level 2 of the Dungeon)

   Infuse+∞: It empowers its wearer's blows with all of their magic.
   VampMP:    Blows struck in melee replenish the wearer's magic.
   -Cast:     It prevents spellcasting.
 l - a +4 plate armour of cold resistance (worn)
 v - a +0 buckler (worn)
 y - a +2 cloak (worn)
Jewellery
 m - a ring of resist corrosion
 x - an amulet of regeneration
Wands
 k - a wand of quicksilver (14)
 o - a wand of roots (12)
Scrolls
 b - a scroll of fog
 c - 3 scrolls of blinking
 i - 2 scrolls of teleportation
 r - 3 scrolls of revelation
Potions
 d - a potion of magic
 e - 4 potions of haste
 f - 3 potions of resistance
 h - a potion of heal wounds
 j - a potion of curing
 s - 2 potions of ambrosia
 t - a potion of might {unknown}
 A - a potion of attraction {unknown}


   Skills:
 + Level 9.7 Fighting
 + Level 12.2 Axes
 + Level 9.4 Armour
 + Level 3.8 Dodging
 + Level 2.3 Stealth
 + Level 3.0 Shields


You had 10 spell levels left.
You didn't know any spells.
Your spell library was empty.

Dungeon Overview and Level Annotations

Branches:
Dungeon (9/15)             Temple (0/1) D:7             Orc (0/2) D:9
  Sewer (visited)
   Lair: D:8-11

Altars:
Ashenzari
Cheibriados
Dithmenos
Elyvilon
Fedhas
Makhleb
Okawaru
Qazlal
Ru
Sif Muna
Yredelemnul
Zin

Shops:
D:2 *   D:6 *

Annotations:
D:9 3 transporters


Innate Abilities, Weirdness & Mutations

You are immune to sickness and miasma.
Your stone body is resilient. (AC +8)
You are immune to poison.
You resist negative energy. (rN+)
You are resistant to electric shocks. (rElec)
You are resistant to unholy torment.
You are immune to petrification.
Your flesh is heat resistant. (rF+)


Message History

The bolt of dispelling energy hits you!
Your magical effects are unravelling.
You hear a horrible gurgling sound!
Unknown command.
You slice the purple draconian shifter!!
You kill the purple draconian shifter!
Trog accepts your kill.
Trog appreciates your killing of a magic user.
You miss something.
You feel yourself speed up. Something hits you but does no damage.
Deactivating autopickup; reactivate with Ctrl-A.
A chaos spawn comes into view.
Your Shields skill increases to level 3!
Unknown command.
Things that are here:
a +0 short sword; a +2 cloak; a purple draconian corpse
y - a +2 cloak Something hits you!
You feel your power leaking away.
Your skin stops crawling.
You feel less strong-willed. Something hits you but does no damage.
You start putting on your armour.
You continue putting on your +2 cloak.
Something hits you but does no damage.
You continue putting on your +2 cloak.
The chaos spawn bites you but does no damage.
Something hits you!
You feel your power leaking away.
You continue putting on your +2 cloak.
You block the chaos spawn's attack. You block something's attack.
You continue putting on your +2 cloak.
The chaos spawn headbutts you but does no damage.
Something hits you!
* * * LOW HITPOINT WARNING * * *
You finish putting on your +2 cloak.
Your skin crawls.
You feel strong-willed.
The chaos spawn kicks you but does no damage.
Something hits you!
You die...

.. .#. . # #
#.##. #.....#.#
#. #. ..#..#
.#. #.# .
.#...#... #...
#..#...##..# ##
#.... .##...# .
##.#### .. .
#.{@.####.§#
#...4.#....#..#
#.....##....##
#...##. .#.##
....# .. #..#
...## # ... #..
##. #.#. § #
.#..


You could see a chaos spawn.

Vanquished Creatures
  A tentacled starspawn (Abyss:1)
  A draconian shifter (Abyss:1)
  Erica (D:8)
  2 large abominations (Abyss:1)
  A smoke demon (Abyss:1)
  An orange demon (Abyss:1)
  A komodo dragon (D:9)
  Maggie (D:9)
  An ancient zyme (Abyss:1)
  2 trolls
  5 yaks (D:9)
  A wraith (D:9)
  2 steam dragons
  3 water moccasins
  3 orc warriors (D:9)
  An ice beast (D:7)
  6 ogres
  A centaur (D:8)
  3 kobold brigands
  3 gnoll sergeants
  7 bullfrogs
  A small abomination (Abyss:1)
  A scorpion (D:9)
  12 wights
  3 elf skeletons (D:7)
  5 killer bees (D:9)
  5 howler monkeys
  4 bombardier beetles
  3 hounds (D:6)
  5 jellies
  7 orc priests
  2 gnoll boudas
  2 sleepcaps
  An iron imp (Abyss:1)
  An iguana (D:7)
  2 human skeletons (D:7)
  5 orc wizards
  Natasha (thrice) (D:2)
  Robin (D:2)
  18 gnolls
  9 adders
  A shadow imp (D:8)
  5 white imps
  8 dart slugs
  4 ribbon worms
  37 orcs
  9 endoplasms
  11 giant cockroaches
  12 goblins
  11 hobgoblins
  2 jackals (D:4)
  21 kobolds
  2 quokkas (D:1)
  9 ball pythons
  5 bats
  13 frilled lizards
  An orc skeleton (D:7)
  9 rats
297 creatures vanquished.

Vanquished Creatures (collateral kills)
  An orc warrior (D:9)
  An ogre (D:9)
  A kobold brigand (D:9)
3 creatures vanquished.

Vanquished Creatures (others)
  2 starspawn tentacles (Abyss:1)
2 creatures vanquished.

Grand Total: 302 creatures vanquished

Notes
Turn   | Place    | Note
-------+----------+-------------------------------------------
     0 | D:1      | Gargoyl the Gargoyle Berserker began the quest for the Orb.
     0 | D:1      | Reached XP level 1. HP: 14/14 MP: 1/1
    60 | D:1      | Reached XP level 2. HP: 14/19 MP: 2/2
   219 | D:1      | Reached skill level 3 in Axes
   225 | D:1      | You fall into a shaft and drop 1 floor!
   435 | D:1      | Reached ** piety under Trog
   442 | D:1      | Found a faded altar of an unknown god.
   486 | D:1      | Reached XP level 3. HP: 24/24 MP: 3/3
   988 | D:2      | Reached XP level 4. HP: 27/29 MP: 4/4
  1009 | D:2      | Noticed Robin
  1036 | D:2      | Killed Robin
  1126 | D:2      | Found Vilull's General Store.
  1193 | D:2      | Identified a scroll of acquirement
  1193 | D:2      | Acquired the +3 Mad Mage's Maulers {Infuse+∞ VampMP -Cast}
  1193 | D:2      | Found the +3 Mad Mage's Maulers {Infuse+∞ VampMP -Cast}
  1215 | D:2      | Noticed Natasha
  1225 | D:2      | Killed Natasha
  1226 | D:2      | Reached XP level 5. HP: 33/33 MP: 0/5
  1230 | D:2      | Noticed Natasha
  1243 | D:2      | Killed Natasha
  1521 | D:2      | Noticed Natasha
  1533 | D:2      | Killed Natasha
  1534 | D:2      | Reached skill level 4 in Axes
  1996 | D:3      | Reached XP level 6. HP: 38/39 MP: 1/6
  2414 | D:3      | Found a glowing drain.
  2418 | Sewer    | Entered a sewer
  2475 | Sewer    | Reached *** piety under Trog
  2890 | Sewer    | Reached skill level 5 in Fighting
  2890 | Sewer    | Reached XP level 7. HP: 32/44 MP: 1/7
  3707 | D:4      | Gained mutation: Your flesh is heat resistant. (rF+)
                  | [potion of mutation]
  3707 | D:4      | Gained mutation: You possess an exceptional clarity of
                  | mind. [potion of mutation]
  3707 | D:4      | Lost mutation: You possess an exceptional clarity of mind.
                  | [potion of mutation]
  3713 | D:4      | Reached skill level 5 in Axes
  3919 | D:4      | Found a shimmering blue altar of Sif Muna.
  4051 | D:4      | Reached skill level 1 in Stealth
  4120 | D:4      | Found a stormy altar of Qazlal.
  4219 | D:4      | Reached XP level 8. HP: 44/49 MP: 0/8
  4551 | D:5      | Entered Level 5 of the Dungeon
  4560 | D:5      | Reached skill level 5 in Armour
  4563 | D:5      | Reached skill level 6 in Axes
  4741 | D:5      | Found a shadowy altar of Dithmenos.
  4805 | D:5      | Identified the +1 chain mail "Seobe" {Dex+2}
  5270 | D:5      | Found a sacrificial altar of Ru.
  6001 | D:6      | Reached **** piety under Trog
  6513 | D:6      | Found Nutoa's Needful Niceties.
  6529 | D:6      | Reached skill level 7 in Axes
  6825 | D:7      | Reached XP level 9. HP: 55/55 MP: 1/9
  7072 | D:7      | Found a snail-covered altar of Cheibriados.
  7252 | D:7      | Found a glowing silver altar of Zin.
  7294 | D:7      | Reached skill level 8 in Axes
  8003 | D:7      | Found an iron altar of Okawaru.
  8222 | D:7      | Found a broken altar of Ashenzari.
  8429 | D:7      | Found a staircase to the Ecumenical Temple.
  8854 | D:8      | Noticed a troll
  8863 | D:8      | Reached skill level 9 in Axes
  8867 | D:8      | Killed a troll
  9060 | D:8      | Reached XP level 10. HP: 51/63 MP: 1/10
  9363 | D:8      | Found a burning altar of Makhleb.
  9370 | D:8      | Noticed Erica
  9377 | D:8      | Killed Erica
  9378 | D:8      | Reached skill level 10 in Axes
  9703 | D:8      | Found a basalt altar of Yredelemnul.
 10010 | D:8      | Found a white marble altar of Elyvilon.
 10122 | D:9      | Noticed Maggie
 10128 | D:9      | Reached skill level 1 in Shields
 10224 | D:9      | Killed Maggie
 10565 | D:9      | Found a blossoming altar of Fedhas.
 10686 | D:9      | Found a transporter.
 10687 | D:9      | Found a transporter.
 10690 | D:9      | Reached skill level 11 in Axes
 10822 | D:9      | Found a transporter.
 10876 | D:9      | Reached XP level 11. HP: 69/69 MP: 2/11
 10990 | D:9      | Found a staircase to the Orcish Mines.
 11024 | Abyss:1  | Cast into level 1 of the Abyss (orc)
 11140 | Abyss:1  | Found a corrupted altar of Lugonu.
 11192 | Abyss:1  | Noticed a large abomination
 11198 | Abyss:1  | Killed a large abomination
 11247 | Abyss:1  | Noticed a large abomination
 11262 | Abyss:1  | Killed a large abomination
 11586 | Abyss:1  | Noticed a purple draconian shifter
 11587 | Abyss:1  | Noticed a tentacled starspawn
 11596 | Abyss:1  | Killed a tentacled starspawn
 11597 | Abyss:1  | Reached skill level 12 in Axes
 11605 | Abyss:1  | Killed a purple draconian shifter
 11613 | Abyss:1  | Slain by a lorocyproca

Illustrated notes

Levels and vault maps discovered:
D:1:      eino_arrival_cavern_e, layout_rooms,
          hellmonk_ecumenical_altar_heavens_door, grunt_decor_clamped,
          serial_bayou_lake_a
D:2:      layout_loops_ring, serial_shops, shop_fountains,
          chequers_serial_rivers_room_a, uniq_robin, uniq_natasha
D:3:      layout_loops_ring, mainiacjoe_sewer_entry_somewhere_in_here_1
D:4:      layout_cave_pools, mainiacjoe_overflow_paths, led_sif_pool
D:5:      layout_cave_pools, hangedman_ru_absence, mainiacjoe_overflow_24_doors
D:6:      mumra_celtic_spiral_tile, layout_basic, nicolae_alphabet_shops
D:7:      layout_loops_corners, mainiacjoe_overflow_brackets,
          ashenzari_conservatory_becter, mainiacjoe_overflow_surrounded_room,
          mainiacjoe_overflow_alcove_1, minmay_temple_entry_statues_fountains,
          nicolae_ossuary_entry_catacombs
D:8:      layout_rooms, kennysheep_ying_yang, mainiacjoe_overflow_boulevard,
          grunt_ministairs_6, uniq_erica
D:9:      layout_roguey, mainiacjoe_overflow_small_starburst,
          grunt_lair_entry_orc_guard_hut,
          kennysheep_orc_monster_closet_entryway, nicolae_diode_quadrants,
          uniq_maggie, uniq_erolcha
Abyss:1:  base:
D:3

Skill      XL: |  1  2  3  4  5  6  7  8  9 10 11 |
---------------+----------------------------------+-----
Axes           | 3 4 5 7 9 11 12 | 12.2
Fighting       | 4 5 6 7 8 9 |  9.7
Dodging        | 2 3 |  3.8
Armour         | 3 4 6 7 8 9 |  9.4
Stealth        | 1 2 |  2.3
Shields        | 2 3 |  3.0

Action                     |  1- 3 |  4- 6 |  7- 9 | 10-12 || total
---------------------------+-------+-------+-------+-------++-------
  Melee: Hand axe          |   138 |   226 |   215 |       ||   579
         Punch             |     1 |     1 |     2 |       ||     4
         War axe           |       |       |    71 |   212 ||   283
  Throw: Dart              |       |       |       |     2 ||     2
 Invoke: Berserk           |     1 |     4 |    10 |     9 ||    24
         Trog's Hand       |       |     2 |     4 |    10 ||    16
         Brothers in Arms  |       |       |       |     1 ||     1
    Use: Scroll            |     3 |     5 |    12 |     4 ||    24
         Potion            |       |       |     1 |       ||     1
 Armour: Animal skin       |    47 |       |       |       ||    47
         Ring mail         |    43 |   165 |       |       ||   208
         Plate armour      |       |       |   271 |   251 ||   522
         Chain mail        |       |       |     7 |       ||     7
  Dodge: Dodged            |   102 |   166 |   110 |    76 ||   454
  Block: Buckler           |       |       |     2 |    45 ||    47

Table legend: (Time is in decaauts)
 A = Elapsed time spent in this place.
 B = Non-inter-level travel time spent in this place.
 C = Inter-level travel time spent in this place.
 D = Time resting spent in this place.
 E = Time spent auto-exploring this place.
 F = Levels seen in this place.
 G = Mean time per level.
                   A        B        C        D        E       F      G
               +--------+--------+--------+--------+--------+-----+--------+
         Total |  12021 |  11811 |    210 |    532 |   8746 |  11 | 1092.8 |
       Dungeon |  10541 |  10331 |    210 |    265 |   7987 |   9 | 1171.2 |
         Abyss |    615 |    615 |      0 |    267 |    250 |   1 |  615.0 |
         Sewer |    865 |    865 |      0 |      0 |    508 |   1 |  865.0 |
               +--------+--------+--------+--------+--------+-----+--------+

Top non-repeatable levels by time:
     D:7: 2060 daAuts
     D:6: 1336 daAuts
     D:8: 1283 daAuts
     D:3: 1269 daAuts
     D:2: 1028 daAuts
     D:9: 976 daAuts
     D:5: 947 daAuts
     D:4: 927 daAuts
   Sewer: 865 daAuts
     D:1: 711 daAuts
 Abyss:1: 615 daAuts
